 Dungeon Sprint DCSS version 0.30.0-5-g1a98f26d00 (webtiles) character file.

Game seed: 9660471585228148880

29 fozzywoppz the Sneak (level 3, -2/16 HPs)
             Began as a Spriggan Enchanter on May 10, 2023.
             Slain by Crazy Yiuf
             ... wielding a +2 quarterstaff of chaos
              (13 damage)
             ... in the Dungeon (Sprint III: "The Ten Rune Challenge").
             The game lasted 00:01:35 (162 turns).

fozzywoppz the Sneak (Spriggan Enchanter)            Turns: 162, Time: 00:01:36

Health: -2/16      AC:  2    Str:  4    XL:     3   Next: 1%
Magic:  9/9        EV: 19    Int: 16    God:
Gold:   7          SH:  0    Dex: 17    Spells: 10/10 levels left

rFire   . . .        a - +1 dagger
rCold   . . .        (no shield)
rNeg    . . .        b - +0 robe
rPois   .            (helmet restricted)
rElec   .            (no cloak)
rCorr   .            (gloves unavailable)
SInv    +            (boots unavailable)
Will    .....        (no amulet)
Stlth   +++          (no ring)
HPRegen 0.22/turn    (no ring)
MPRegen 0.11/turn

%: no teleportation
@: very quick
A: very small, no large weapons, unfitting armour, see invisible, speed 3
a: no special abilities


You were in the Dungeon.
You visited 1 branch You collected 7 gold pieces.

Inventory:

Hand Weapons
 a - a +1 dagger (weapon)
Armour
 b - a +0 robe (worn)
Scrolls
 i - a scroll of blinking
 j - a scroll of identify {unknown}
Potions
 c - 2 potions of invisibility
 d - a potion of curing
 e - a potion of heal wounds
 f - a potion of haste
 g - 2 potions of magic
 h - a potion of berserk rage


   Skills:
 + Level 3.1 Short Blades
 + Level 4.4 Dodging
 + Level 6.1 Stealth
 - Level 4.0 Spellcasting
 + Level 4.8 Hexes


You had 10 spell levels left.
You didn't know any spells.
Your spell library contained the following spells:

 Spells                   Type           Power      Damage    Failure   Level
 Confusing Touch          Hex            18%        N/A       7%          3
 Tukima's Dance           Hex            18%        N/A       7%          3
 Ensorcelled Hibernation  Hex/Ice        20%        N/A       10%         2
 Dazzling Flash           Conj/Hex       20%        N/A       19%         3


Dungeon Overview and Level Annotations

Branches:
Dungeon (1/1)

Altars:

Annotations:
D Crazy Yiuf


Innate Abilities, Weirdness & Mutations

You are very small and have problems with some larger weapons.
You are too small for most types of armour.
You have supernaturally acute eyesight. (SInv)
You cover ground extremely quickly. (Speed+++)


Message History

You hit Jessica.
Jessica is almost dead.
Jessica closely misses you.
You hit Jessica.
Jessica is almost dead.
Jessica hits you with a +0 dagger.
Ouch! That really hurt!
* * * LOW HITPOINT WARNING * * *
You hit Jessica.
You kill Jessica!
Training target 4.0 for Spellcasting reached!
Your Short Blades skill gained 2 levels and is now at level 3!
Your Dodging skill increases to level 4!
Your Stealth skill gained 2 levels and is now at level 6!
Your Spellcasting skill increases to level 4!
You have reached level 2!
You have reached level 3!
Your experience leads to an increase in your attributes!
Increase (S)trength, (I)ntelligence, or (D)exterity?
You feel agile. x2
Things that are here:
a +0 dagger; a +0 robe; the human corpse of Jessica You start resting.
Magic restored.
A human comes into view.
Things that are here:
a +0 dagger; a +0 robe; the human corpse of Jessica You start resting.
HP restored.
Crazy Yiuf the Enlightened comes into view.
He is wielding a +2 quarterstaff of chaos and carrying a wand of flame (16).
Crazy Yiuf shouts!
Crazy Yiuf closely misses you.
You barely miss Crazy Yiuf.
Crazy Yiuf zaps a wand.
The puff of flame hits you.
You hit Crazy Yiuf.
Crazy Yiuf is lightly wounded.
You hit Crazy Yiuf but do no damage.
Crazy Yiuf is lightly wounded.
Crazy Yiuf hits you with a +2 quarterstaff of chaos!
Ouch! That really hurt!
You die...

▓..##.......# .#
▓##.##.##...# ..#
##.##.###..# #..#
▓#.####.##..# .p.+
▓.###..##.)####...#
▓#.....##..###....#
###..##...##.....#
##..##....#......#
#..###..##.#.@g..#
#..# #..#####....#
▓▓▓▓ ▓▓▓▓ ▓▓▓▓▓▓


You could see a human (asleep) and Crazy Yiuf.

Vanquished Creatures
  Jessica (D)
  2 endoplasms (D)
  A rat (D)
4 creatures vanquished.

Notes
Turn   | Place    | Note
-------+----------+-------------------------------------------
     0 | D        | fozzywoppz the Spriggan Enchanter began the quest for the
                  | Orb.
     0 | D        | Reached XP level 1. HP: 9/9 MP: 5/5
    39 | D        | Noticed Jessica
    98 | D        | Killed Jessica
    99 | D        | Reached skill level 6 in Stealth
    99 | D        | Reached XP level 2. HP: 4/13 MP: 6/8
    99 | D        | Reached XP level 3. HP: 5/16 MP: 6/9
   157 | D        | Noticed Crazy Yiuf
   162 | D        | Slain by Crazy Yiuf

Illustrated notes

Levels and vault maps discovered:
D:        dungeon_sprint_mu [sprint_mu_entry_cave, sprint_mu_temple_rooms,
          sprint_mu_d1_spiders, sprint_mu_d2_genie, sprint_mu_d3_branching,
          sprint_mu_orc_legion, sprint_mu_elf_gauntlet, sprint_mu_hive_nellie,
          sprint_mu_lair_fedhas, sprint_mu_vaults_butterflies,
          sprint_mu_slime_circle, sprint_mu_swamp_cave, sprint_mu_snake_twists,
          sprint_mu_blade_basic, sprint_mu_crypt_chambers,
          sprint_mu_tomb_spiral, sprint_mu_vestibule_basic,
          sprint_mu_gehenna_hellfire, sprint_mu_dis_giant,
          sprint_mu_tartarus_statrot, sprint_mu_cocytus_islands, sprint_mu_zot1]

Skill      XL: |  1 |
---------------+----+-----
Dodging        | 4 |  4.4
Spellcasting   | 4 |  4.0
Hexes          | 4 |  4.8
Short Blades   | 3 |  3.1
Stealth        | 6 |  6.1

Action                     || total
---------------------------++-------
  Melee: Dagger            ||    17
   Stab: Sleeping          ||     1
  Dodge: Dodged            ||     9
